 Dungeon Crawl Stone Soup version 0.29.0-7-g18a832c13a (webtiles) character file.

Game seed: 6069674344362413454

1039 Leibowitz the Cutter (level 8, -1/49 HPs)
             Began as a Kobold Fighter on Aug 30, 2022.
             Engulfed by a steam dragon's steam (2 damage)
             ... on level 6 of the Dungeon.
             The game lasted 00:11:35 (6695 turns).

Leibowitz the Cutter (Kobold Fighter)               Turns: 6695, Time: 00:11:35

Health: -1/49      AC:  4    Str: 13    XL:     8   Next: 49%
Magic:  8/8        EV: 14    Int:  9    God:
Gold:   224        SH: 11    Dex: 17    Spells: 7/7 levels left

rFire   . . .      SeeInvis +   b - +0 dagger (venom)
rCold   . . .      Faith    .   c - +0 buckler
rNeg    . . .      Spirit   .   s - +0 leather armour
rPois   +          Reflect  +   g - +0 helmet
rElec   .          Harm     .   (no cloak)
rCorr   .          Rampage  .   (no gloves)
Will    .....                   (no boots)
Stlth   ++++......              x - amulet of reflection
HPRegen 0.16/turn               e - ring of poison resistance
MPRegen 0.11/turn               h - ring of see invisible

@: unable to drink
A: small, no large weapons, nightstalker 3, inability to drink after injury 1
a: no special abilities


You were on level 6 of the Dungeon.
You visited 1 branch of the dungeon, and saw 6 of its levels.

You collected 224 gold pieces.

Inventory:

Hand Weapons
 a - a +1 rapier
 b - a +0 dagger of venom (weapon)
Missiles
 j - a poisoned dart (quivered)
Armour
 c - a +0 buckler (worn)
 g - a +0 helmet (worn)
 s - a +0 leather armour (worn)
Jewellery
 e - a ring of poison resistance (left hand)
 h - a ring of see invisible (right hand)
 q - a ring of wizardry
 x - an amulet of reflection (around neck)
Wands
 k - a wand of mindburst (10)
 t - a wand of charming (14)
 v - a wand of iceblast (5)
Scrolls
 f - a scroll of enchant weapon
 i - 4 scrolls of identify
 l - 2 scrolls of teleportation
 o - a scroll of poison
 u - 2 scrolls of fear
Potions
 d - a potion of might
 m - a potion of curing
 n - a potion of resistance
 p - a potion of magic
 r - a potion of attraction {unknown}
 w - a potion of haste


   Skills:
 * Level 5.2 Fighting
 * Level 7.1 Short Blades
 * Level 4.1 Armour
 * Level 3.3 Dodging
 * Level 5.1 Stealth
 * Level 3.4 Shields


You had 7 spell levels left.
You didn't know any spells.
Your spell library contained the following spells:

 Spells                   Type           Power      Damage    Failure   Level
 Sting                    Tmut/Pois      0%         1d3       58%         1


Dungeon Overview and Level Annotations

Branches:
Dungeon (6/15)
 Temple: D:4-7

Altars:
Ru
Vehumet

Shops:
D:2 !


Innate Abilities, Weirdness & Mutations

You are small and have problems with some larger weapons.
You are completely attuned to the shadows.
You occasionally lose the ability to drink potions when taking damage.


Message History

You feel threatened and lose the ability to drink potions!
The steam dragon misses you.
You closely miss the steam dragon.
The steam dragon is severely wounded.
You block the orc's attack. The steam dragon barely misses you.
The steam dragon claws you.
You barely miss the steam dragon.
The steam dragon is severely wounded.
You hit the steam dragon but do no damage.
The steam dragon looks as sick as possible!
The steam dragon is severely wounded.
You block the steam dragon's attack. The steam dragon claws you.
The orc hits you but does no damage.
You barely miss the steam dragon.
The steam dragon is almost dead.
The steam dragon closely misses you. x2
The orc hits you from afar with a +0 trident!
* * * LOW HITPOINT WARNING * * *
You hit the steam dragon but do no damage.
The steam dragon looks as sick as possible!
The steam dragon is almost dead.
The orc barely misses you. The steam dragon breathes steam at you.
The ball of steam misses you.
Unknown command.
You hit the steam dragon but do no damage.
The steam dragon looks as sick as possible!
The steam dragon is almost dead.
You are engulfed in a cloud of scalding steam.
* * * LOW HITPOINT WARNING * * *
Unknown command.
You closely miss the steam dragon.
The steam dragon is almost dead.
You are engulfed in a cloud of scalding steam.
* * * LOW HITPOINT WARNING * * *
You block the steam dragon's attack. x2; The orc completely misses you.
You closely miss the steam dragon.
The steam dragon is almost dead.
You are engulfed in a cloud of scalding steam.
You die...

.. ... ...#######
.....).))##########
#...###.....D@§§..
##....#..##)§##§.#
#.....#..##.o# .#
#...#####..##s. .
....#.####.. ..
...###..### ##.
...###..# ....#.###
#...##


You could see a steam dragon (extremely poisoned, catching breath) and an orc.

Vanquished Creatures
  3 centaurs
  2 ogres
  3 scorpions (D:5)
  2 jellies (D:5)
  2 hounds
  2 iguanas (D:5)
  2 orc wizards
  A mummy (D:4)
  7 gnolls
  4 adders
  4 worms
  3 dart slugs
  11 orcs
  7 ball pythons
  6 bats
  5 endoplasms
  3 giant cockroaches
  5 goblins
  10 hobgoblins
  5 jackals (D:1)
  6 quokkas
  6 frilled lizards
  2 hobgoblin zombies (D:4)
  4 kobolds
  A kobold zombie (D:4)
  An orc zombie (D:4)
  5 rats
112 creatures vanquished.

Vanquished Creatures (others)
  An orc (D:6)
  2 fungi (D:2)
  A plant (D:2)
4 creatures vanquished.

Grand Total: 116 creatures vanquished

Notes
Turn   | Place    | Note
-------+----------+-------------------------------------------
     0 | D:1      | Leibowitz the Kobold Fighter began the quest for the Orb.
     0 | D:1      | Reached XP level 1. HP: 14/14 MP: 1/1
   244 | D:1      | Reached XP level 2. HP: 17/19 MP: 2/2
   744 | D:1      | Reached XP level 3. HP: 23/23 MP: 3/3
  1098 | D:2      | Reached skill level 3 in Short Blades
  1160 | D:2      | Reached skill level 1 in Dodging
  1308 | D:2      | Found Deacoet's Distillery.
  1353 | D:2      | Found a faded altar of an unknown god.
  1363 | D:2      | Got Plato's Tome of Intoxication
  1530 | D:2      | Reached XP level 4. HP: 29/29 MP: 4/4
  1725 | D:2      | Reached skill level 1 in Stealth
  2032 | D:2      | Gained mutation: You occasionally lose the ability to drink
                  | potions when taking damage. [potion of mutation]
  2262 | D:3      | Reached XP level 5. HP: 31/33 MP: 5/5
  2715 | D:3      | Reached skill level 4 in Short Blades
  2742 | D:3      | Noticed a centaur
  2748 | D:3      | Killed a centaur
  2749 | D:3      | Reached XP level 6. HP: 38/38 MP: 6/6
  3749 | D:4      | Reached skill level 5 in Short Blades
  4241 | D:4      | Found a radiant altar of Vehumet.
  4446 | D:4      | Noticed an ogre
  4453 | D:4      | Killed an ogre
  4454 | D:4      | Reached XP level 7. HP: 21/43 MP: 7/7
  5119 | D:5      | Entered Level 5 of the Dungeon
  5353 | D:5      | Reached skill level 6 in Short Blades
  5548 | D:5      | Reached skill level 5 in Fighting
  5548 | D:5      | Reached XP level 8. HP: 49/49 MP: 8/8
  6085 | D:5      | Reached skill level 7 in Short Blades
  6388 | D:5      | Found a sacrificial altar of Ru.
  6655 | D:6      | Reached skill level 5 in Stealth
  6694 | D:6      | HP: 1/49 [steam dragon] (5)]
  6695 | D:6      | Engulfed by a steam dragon's steam

Illustrated notes

Levels and vault maps discovered:
D:1:      scummos_arrival_simple_fountains, layout_rooms, grunt_decor_arrowhead,
          hangedman_feature_mirror
D:2:      layout_rooms, serial_shops, shop, shapermc_ecumenical_altar_rom_forum,
          grunt_ministairs_14
D:3:      layout_basic, serial_bayou_crossing
D:4:      layout_loops_corners, lemuel_coloured_pillars_altar,
          minmay_mini_ossuary
D:5:      layout_basic, nicolae_ru_sacrificial_ziggurat
D:6:      wad_guarded_room, layout_basic, mainiacjoe_overflow_paths,
          mainiacjoe_overflow_catwalk_spiral, minmay_temple_entry_tees,
          lightli_ossuary_entry_decrepit_ruins, uniq_maggie

Skill      XL: |  1  2  3  4  5  6  7  8 |
---------------+-------------------------+-----
Short Blades   | 3 4 5 6 7 |  7.1
Dodging        | 1 2 3 |  3.3
Stealth        | 1 2 3 5 |  5.1
Armour         | 3 4 |  4.1
Fighting       | 4 5 |  5.2
Shields        | 3 |  3.4

Action                   |  1- 3 |  4- 6 |  7- 9 || total
-------------------------+-------+-------+-------++-------
Melee: Rapier            |   101 |   140 |    52 ||   293
       Dagger            |       |       |    57 ||    57
Throw: Dart              |       |     4 |       ||     4
Evoke: Wand              |       |     1 |       ||     1
  Use: Scroll            |     6 |     5 |       ||    11
       Potion            |     4 |     2 |       ||     6
 Stab: Sleeping          |     1 |     9 |    12 ||    22
       Distracted        |       |     1 |       ||     1
Armor: Scale mail        |    35 |    37 |     6 ||    78
       Leather armour    |       |       |     6 ||     6
Dodge: Dodged            |    47 |    56 |    51 ||   154
Block: Buckler           |    33 |    38 |    32 ||   103
